Map: Romanticide LE

Players

SpeCial - Winner!

  • Race: Terran Terran

Ryu

  • Race: Zerg Zerg

Event: DreamHack SC2 Masters 2021 Winter

VOD

Have the link to the VOD?

Description

Time

  • Played on: Sept. 29, 2021, 3:18 p.m.
  • Length: 6:24

All games in this series

Show
View Real Time Build Order
Export as new Build Order

SpeCial Terran - Winner!

Build Orders:  

Get SALT Encoding   

  12  0:00  SCV  
  13  0:12  SCV  
  14  0:18  Supply Depot  
  14  0:24  SCV  
  15  0:40  Barracks  
  15  0:51  Barracks  
  15  0:55  SCV  
  16  1:07  SCV  
  17  1:15  Refinery  
  17  1:21  SCV  
  18  1:28  Marine  
  19  1:33  Orbital Command  
  19  1:38  Marine  
  20  1:46  Supply Depot, Marine  
  21  1:56  Marine  
  21  1:59  SCV  
  23  2:02  Bunker  
  23  2:07  Marine  
  23  2:15  Marine  
  23  2:21  SCV  
  24  2:23  Factory  
  24  2:25  Marine  
  25  2:33  SCV, Marine  
  27  2:46  SCV  
  27  2:51  Command Center  
  27  2:58  SCV  
  28  3:06  Supply Depot  
  28  3:11  SCV  
  28  3:12  Starport  
  29  3:14  Factory Reactor  
  29  3:18  Refinery  
  29  3:23  SCV  
  30  3:35  SCV  
  30  3:39  Barracks Tech Lab  
  31  3:47  SCV  
  32  3:51  Hellion  
  32  3:54  Widow Mine  
  36  3:55  Medivac  
  36  3:57  Marine  
  39  4:03  SCV, Marine, Orbital Command  
  41  4:15  Marine  
  42  4:19  Stimpack  
  42  4:21  Marine  
  43  4:24  SCV  
  43  4:26  Hellion x2  
  43  4:27  Supply Depot  
  48  4:31  SCV  
  48  4:34  Starport Reactor  
  48  4:35  Marine  
  48  4:36  SCV  
  51  4:38  Marine  
  51  4:44  SCV  
  53  4:48  SCV  
  53  4:50  Supply Depot  
  54  4:55  Factory Tech Lab  
  54  4:56  SCV  
  55  5:00  Marine x3  
  55  5:01  SCV  
  55  5:02  Supply Depot  
  59  5:09  SCV  
  60  5:15  SCV  
  60  5:18  Medivac x2, Marine x3  
  60  5:27  SCV  
  60  5:28  SCV  
  62  5:29  Siege Tank  
  65  5:36  Marine x3  
  65  5:39  Supply Depot  
  68  5:43  SCV  
  68  5:44  SCV  
  70  5:53  Marine  
  70  5:54  Command Center, Marine x2  
  73  6:00  SCV x2  
  73  6:01  Supply Depot  
  78  6:13  Refinery  
Show
View Real Time Build Order
Export as new Build Order

Ryu Zerg 

Build Orders: Hatch First 

Get SALT Encoding   

  12  0:01  Drone  
  13  0:12  Overlord  
  13  0:17  Drone  
  14  0:31  Drone x2  
  16  0:48  Hatchery  
  15  0:51  Drone  
  15  0:55  Drone  
  17  0:58  Drone  
  17  1:01  Extractor  
  17  1:17  Spawning Pool  
  16  1:29  Drone x2  
  18  1:37  Drone  
  19  2:04  Queen  
  19  2:05  Spine Crawler  
  19  2:06  Zergling x8  
  24  2:13  Zergling x2  
  23  2:28  Drone x2  
  24  2:36  Metabolic Boost  
  23  2:39  Drone  
  25  2:51  Drone x2, Overlord  
  25  2:58  Overlord  
  26  3:08  Drone  
  26  3:09  Queen  
  26  3:11  Drone  
  30  3:15  Drone  
  30  3:18  Drone  
  32  3:21  Drone x2  
  32  3:26  Drone  
  35  3:36  Queen  
  37  3:47  Hatchery  
  35  3:50  Drone x2  
  35  3:54  Drone x2  
  39  3:58  Drone x2  
  41  4:04  Pneumatized Carapace  
  41  4:06  Overlord  
  41  4:09  Drone  
  42  4:10  Drone  
  42  4:14  Overlord  
  43  4:24  Queen  
  43  4:28  Drone x3  
  43  4:31  Zergling x2  
  49  4:32  Drone x2  
  51  4:38  Roach Warren  
  51  4:40  Drone  
  51  4:44  Drone  
  52  4:50  Drone x4  
  56  4:55  Zergling x4  
  56  4:59  Spore Crawler  
  57  5:00  Burrow  
  57  5:05  Zergling x4  
  58  5:17  Drone x4  
  58  5:27  Drone x4  
  62  5:33  Spore Crawler  
  61  5:37  Overlord x2  
  61  5:38  Drone x3, Queen  
  61  5:41  Extractor x2  
  64  5:46  Spore Crawler  
  64  5:49  Drone x3  
  66  6:00  Drone  
  66  6:01  Drone x5  
  72  6:05  Drone x3  
  72  6:06  Extractor  

Tags
 
Add a new tag
Caveats
  • Supply blocks, unpowered buildings, or Contaminate may cause inaccurate times.
  • Supply counts are checked every 10 seconds.